Map: Abyssal Reef LE

Players

Metasapien - Winner!

  • Race: Zerg Zerg
  • League: Platinum
  • Spawn Location: 11:00

Eternal

  • Race: Zerg Zerg
  • League: Gold
  • Spawn Location: 5:00

VOD

Have the link to the VOD?

Description

Time

  • Played on: Sept. 16, 2017, 8:22 p.m.
  • Length: 8:27
Show
View Real Time Build Order
Export as new Build Order

Metasapien Zerg - Winner!

Build Orders: Hatch First 

Get SALT Encoding   

  12  0:01  Drone  
  13  0:15  Overlord  
  13  0:17  Drone  
  14  0:23  Extractor  
  14  0:24  Drone  
  15  0:35  Drone  
  16  0:38  Drone  
  17  0:56  Hatchery  
  16  0:59  Drone  
  17  1:14  Spawning Pool  
  17  1:15  Drone  
  17  1:18  Extractor  
  16  1:20  Drone  
  16  1:23  Drone  
  18  1:36  Drone  
  19  1:42  Overlord  
  19  1:52  Drone  
  20  2:02  Queen  
  20  2:08  Queen  
  24  2:12  Drone  
  24  2:13  Drone  
  24  2:14  Overlord  
  26  2:27  Roach Warren, Extractor  
  26  2:29  Drone  
  25  2:31  Drone  
  25  2:33  Zergling x2  
  27  2:42  Spine Crawler  
  26  2:47  Drone  
  26  2:49  Drone x2  
  29  3:00  Drone  
  29  3:02  Drone, Metabolic Boost  
  31  3:08  Drone x2  
  33  3:24  Extractor, Roach  
  33  3:25  Roach x3  
  40  3:28  Zergling x4  
  40  3:32  Zergling x2  
  43  3:35  Drone  
  44  3:42  Lair  
  44  3:47  Overlord  
  44  3:50  Overlord  
  44  4:03  Overlord  
  44  4:07  Drone x5  
  44  4:09  Drone  
  50  4:30  Roach  
  50  4:31  Zergling x6, Roach x3  
  50  4:32  Zergling x2  
  50  4:39  Glial Reconstitution  
  50  4:53  Hydralisk Den  
  50  4:55  Drone x2  
  51  5:05  Zergling x2, Roach x2  
  51  5:06  Zergling x6  
  53  5:29  Overlord x2  
  53  5:31  Roach x4  
  61  5:38  Hatchery  
  59  5:49  Ravager x2  
  60  5:50  Roach x4  
  60  5:51  Zergling x2, Roach x2  
  71  6:00  Ravager  
  66  6:06  Zergling x2  
  66  6:07  Zergling x4  
  69  6:16  Roach x2  
  73  6:24  Zergling x2  
  74  6:32  Overlord  
  67  7:08  Roach, Hydralisk x5  
  67  7:09  Roach x4  
  87  7:26  Drone, Queen  
  87  7:27  Drone x3  
  87  7:28  Drone  
  94  7:38  Infestation Pit  
  89  8:09  Zergling x6  
  89  8:10  Zergling x2  
  97  8:19  Spine Crawler x2  
Show
View Real Time Build Order
Export as new Build Order

Eternal Zerg 

Build Orders: Pool First 

Get SALT Encoding   

  12  0:01  Drone  
  13  0:13  Overlord  
  13  0:17  Drone  
  14  0:31  Drone x2  
  16  0:37  Drone  
  17  0:46  Drone  
  18  0:56  Drone  
  19  0:59  Extractor  
  19  1:02  Spawning Pool  
  17  1:11  Drone  
  18  1:19  Hatchery  
  18  1:23  Drone  
  18  1:30  Drone  
  18  1:31  Evolution Chamber  
  18  1:39  Drone  
  19  1:53  Drone, Baneling Nest  
  19  2:12  Drone  
  19  2:15  Drone  
  21  2:16  Hatchery  
  20  2:32  Zerg Melee Weapons Level 1  
  20  2:36  Zergling x6  
  23  2:42  Drone  
  24  2:49  Queen  
  26  3:02  Baneling x3  
  26  3:03  Zergling x2  
  27  3:16  Drone  
  27  3:18  Overlord x2  
  27  3:19  Overlord  
  28  3:36  Zergling x2  
  28  3:37  Zergling x8  
  28  3:38  Drone  
  34  3:42  Zergling x2, Metabolic Boost  
  34  3:43  Zergling x2  
  36  3:49  Zergling x2  
  36  3:50  Zergling x2  
  36  3:52  Zergling x2  
  39  4:00  Spine Crawler  
  38  4:05  Drone x2  
  35  4:38  Drone x5  
  35  4:39  Drone x4, Spine Crawler  
  35  4:41  Drone x3  
  46  4:48  Lair  
  46  5:06  Zergling x12  
  46  5:11  Zergling x4  
  45  5:15  Queen  
  45  5:17  Zergling x2  
  48  5:21  Zergling x2  
  48  5:22  Zergling x4  
  48  5:23  Zergling x2  
  48  5:24  Zergling x2  
  53  5:30  Drone, Extractor  
  53  5:34  Drone x2  
  55  5:37  Extractor  
  52  5:45  Zergling x4  
  52  5:46  Zergling x2  
  52  5:48  Zergling x2  
  51  5:53  Overlord  
  51  5:54  Zergling x2  
  51  5:58  Zergling x6  
  51  6:03  Zergling x2  
  52  6:06  Queen  
  52  6:08  Zergling x4  
  53  6:14  Zergling x2  
  52  6:23  Zergling x2  
  52  6:24  Zergling x2  
  52  6:25  Zergling x2  
  53  6:26  Zergling x2  
  53  6:27  Zergling x2  
  55  6:34  Queen  
  55  6:35  Zergling x2  
  55  6:37  Zergling x4  
  59  6:45  Zergling x6  
  59  6:46  Zergling x6  
  58  6:53  Zergling x4  
  57  6:54  Zergling x2  
  57  7:00  Zergling x2  
  46  7:11  Zergling x6  
  44  7:20  Zergling x6  
  42  7:26  Zergling x10  
  37  7:32  Zergling x4  
  36  7:37  Zergling x2  
  36  7:42  Zergling x2  
  36  7:43  Zergling x2  
  31  7:52  Zergling x2  
  31  7:55  Zergling x2  
  30  8:02  Zergling x2  
  30  8:03  Zergling x6  
  26  8:08  Zergling x6  
Tags
 
Add a new tag
Caveats
  • Supply blocks, unpowered buildings, or Contaminate may cause inaccurate times.
  • Supply counts are checked every 10 seconds.